cohdb
Replays
Latest Replays
All Replays
Popular Replays
Top Player Replays
Match Explorer
How It Works
Community
CoH3 Stats
Reddit
Sign in to upload your games and track your stats! →
Sign in with Steam
Match 46078468
Unlisted
Match 46078468
Overview
Messages
Build Orders
End
Construct Infanterie Kompanie
Pioneer Squad
Grenadier Squad
MG 42 Machine Gun Team
MG 42 Machine Gun Team
Construct Panzergrenadier Kompanie
Panzergrenadier Squad
Pak 40 Anti-tank Gun Team
Support Elements
Medical Station
StuG III G Assault Gun
Selects Mechanized Battlegroup
Selects Raid Package
Panzergrenadier Squad
StuG III G Assault Gun
Construct Luftwaffe Kompanie
Selects 8 Rad Armored Car
Pioneer Squad
8 Rad Armored Car
Panzergrenadier Squad
Selects UNKNOWN (2160084)
Selects Mobile Repair Stations
Selects Spotting Scopes
Grenadier Squad
Construct Panzer Kompanie
Selects Wespe Self-propelled Artillery
Selects Zeroing Artillery Barrage
Side Skirts
Zeroing Artillery Barrage
Panzergrenadier Squad
MillenniumKnight
DireRadiant
Mr.TtoYou
REDRIH
0
0
Comments
sign in to comment!
No comments posted yet!